 Dungeon Crawl Stone Soup version 0.26-a0-712-ga5a9c9c9d0 (webtiles) character file.

Game seed: 9736263508329602474

(classic levelgen) 11 EnegeticOcto the Shield-Bearer (level 2, -1/27 HPs)
             Began as a Deep Dwarf Fighter on Nov 4, 2020.
             Slain by a gnoll
             ... wielding a +0 whip
              (4 damage)
             ... on level 2 of the Dungeon.
             The game lasted 00:00:08 (68 turns).

EnegeticOcto the Shield-Bearer (Deep Dwarf Fighter)   Turns: 68, Time: 00:00:09

Health: -1/27      AC:  6    Str: 19    XL:     2   Next: 13%
Magic:  2/2        EV:  7    Int:  8    God:
Gold:   14         SH:  9    Dex: 12    Spells: 1/1 levels left

rFire    . . .     SeeInvis .   a - +0 war axe
rCold    . . .     Faith    .   c - +0 kite shield
rNeg     . . .     Spirit   .   b - +0 scale mail
rPois    .         Reflect  .   (no helmet)
rElec    .         Harm     .   (no cloak)
rCorr    .         Rampage  .   (no gloves)
MR       .....                  (no boots)
Stlth    ..........             (no amulet)
HPRegen  0.00/turn              (no ring)
MPRegen  0.08/turn              (no ring)

@: non-regenerating
A: damage resistance, heal wounds, sense surroundings 1, no regeneration
a: Heal Wounds


You were on level 2 of the Dungeon.
You visited 1 branch of the dungeon, and saw 2 of its levels.

You collected 14 gold pieces.

Inventory:

Hand Weapons
 a - a +0 war axe (weapon)
Armour
 b - a +0 scale mail (worn)
 c - a +0 kite shield (worn)
Scrolls
 e - a scroll of teleportation {unknown}
Potions
 d - a potion of might {@q3}


   Skills:
 + Level 2.8 Fighting
 * Level 2.6 Axes
 + Level 3.4 Armour
 + Level 3.4 Shields


You had one spell level left.
You didn't know any spells.
Your spell library was empty.

Dungeon Overview and Level Annotations

Branches:
Dungeon (2/15)

Altars:


Innate Abilities, Weirdness & Mutations

You are resistant to damage.
You can heal yourself by infusing magical energy.
You passively map a small area around you.
You do not regenerate.


Message History

The jackal completely misses you. The jackal bites you.
The jackal completely misses you. The jackal closely misses you.
You hit the jackal but do no damage. You hit the jackal.
The jackal stops to sniff the ground.
You block the jackal's attack.
The jackal bites you but does no damage. x3
Your shield and scale mail prevent you from hitting the jackal.
The jackal is heavily wounded.
You closely miss the jackal. The jackal closely misses you.
You block the jackal's attack.
The jackal bites you but does no damage.
The jackal barely misses you.
Your scale mail prevents you from hitting the jackal.
The jackal is heavily wounded.
Your shield prevents you from hitting the jackal.
You block the jackal's attack. The jackal barely misses you.
The jackal bites you but does no damage.
The jackal bites you.
You hit the jackal.
You kill the jackal!
You closely miss the jackal. You block the jackal's attack.
The jackal bites you but does no damage.
You hit the jackal.
The jackal is moderately wounded.
You block the jackal's attack. x2
You slash the jackal!
You kill the jackal!
You have reached level 2!
A giant cockroach comes into view.
A giant cockroach is nearby!
You block the giant cockroach's attack.
You hit the giant cockroach.
The giant cockroach is moderately wounded.
The giant cockroach closely misses you. The giant cockroach bites you.
You slash the giant cockroach!
You kill the giant cockroach!
No target in view!
No target in view!
No target in view!
No target in view!
No target in view!
No target in view!
No target in view!
No target in view!
A giant cockroach and a gnoll come into view.
The gnoll shouts!
You hear an angry hiss.
A gnoll comes into view. It is wielding a +4 halberd.
An adder comes into view.
Found a scroll labeled SELOKL VESAER.
There are monsters nearby! 2 gnolls come into view.
The gnoll shouts! x3; You hear an angry hiss.
The gnoll moves out of view.
Found a chain mail.
Found 19 stones.
You block the giant cockroach's attack.
An adder comes into view.
The adder hisses angrily.
You slash the giant cockroach!
You kill the giant cockroach!
You block the gnoll's attack.
You miss the adder. You hit the gnoll but do no damage. You slash the gnoll!
The adder bites you. The gnoll hits you with a +0 whip.
The gnoll barely misses you. The gnoll hits you with a +4 halberd.
The adder bites you but does no damage. You block the gnoll's attack.
You barely miss the gnoll.
The gnoll is severely wounded.
You completely miss the adder. You hit the gnoll. You block the adder's attack.
The gnoll closely misses you. You block the gnoll's attack.
The gnoll hits you from afar with a cursed -2 spear!
The adder bites you but does no damage.
You hit the gnoll.
The gnoll is almost dead.
You closely miss the adder. You hit the gnoll. You block the gnoll's attack.
The adder bites you but does no damage. The gnoll hits you with a +0 whip.
You block the gnoll's attack. The adder bites you but does no damage.
The gnoll hits you with a +0 whip!
You closely miss the gnoll.
The gnoll is almost dead.
You barely miss the gnoll. You closely miss the adder.
The gnoll hits you but does no damage. The gnoll hits you with a +4 halberd.
The adder bites you. You block the gnoll's attack. x2
You are too injured to fight recklessly!
You are too injured to fight recklessly!
You are too injured to fight recklessly!
You fail to use your ability.
The adder barely misses you. The gnoll hits you with a +0 whip!
* * * LOW HITPOINT WARNING * * *
You block the gnoll's attack. The adder barely misses you.
You are too injured to fight recklessly!
You are too injured to fight recklessly!
You are too injured to fight recklessly!
You are too injured to fight recklessly!
You are too injured to fight recklessly!
You are too injured to fight recklessly!
You are too injured to fight recklessly!
You are too injured to fight recklessly!
You fail to use your ability.
You block the gnoll's attack. The gnoll hits you with a +0 whip.
You die...

#########
#.(...... *####
#...[.... * .
#... #........,*
,..#...###....?.
, ,
.........Sgg. *
,#.....Sgg# * *
#..=†##@# , *
#....# , *
...####....#*,
...........#
###.###.†(.##.#.
* *, #<.†......
, , , ###..##?##
, , ....# #* **
, ....#


You could see 4 gnolls and 2 adders.

Vanquished Creatures
  A leopard gecko (D:1)
  2 giant cockroaches (D:2)
  A hobgoblin (D:1)
  3 jackals (D:2)
  A rat (D:2)
8 creatures vanquished.

Notes
Turn   | Place    | Note
-------+----------+-------------------------------------------
     0 | D:1      | EnegeticOcto the Deep Dwarf Fighter began the quest for the
                  | Orb.
     0 | D:1      | Reached XP level 1. HP: 20/20 MP: 1/1
    52 | D:2      | Reached XP level 2. HP: 27/27 MP: 2/2
    68 | D:2      | Slain by a gnoll

Illustrated notes

Levels and vault maps discovered:
D:1:      tarquinn_simple_flora_water_c, layout_basic
D:2:      minmay_wonky_spiral, layout_basic

Action                   || total
-------------------------++-------
Melee: War axe           ||    20
Armor: Scale mail        ||    13
Dodge: Dodged            ||    13
Block: Kite shield       ||    19

Table legend: (Time is in decaauts)
 A = Elapsed time spent in this place.
 B = Non-inter-level travel time spent in this place.
 C = Inter-level travel time spent in this place.
 D = Time resting spent in this place.
 E = Time spent auto-exploring this place.
 F = Levels seen in this place.
 G = Mean time per level.
                   A        B        C        D        E       F      G
               +--------+--------+--------+--------+--------+-----+--------+
         Total |     76 |     64 |     12 |      0 |     15 |   2 |   38.0 |
       Dungeon |     76 |     64 |     12 |      0 |     15 |   2 |   38.0 |
               +--------+--------+--------+--------+--------+-----+--------+

Top non-repeatable levels by time:
     D:1: 42 daAuts
     D:2: 34 daAuts
